 Dungeon Crawl Stone Soup version 0.16-a0-129-gbf5829b (webtiles) character file.

158 Sachiko the Covert (level 5, -17/38 HPs)
             Began as a Vampire Assassin on Aug 13, 2014.
             Was a Follower of Dithmenos.
             Killed from afar by a gnoll (21 damage)
             ... with a wand of fire
             ... on Level 4 of the Dungeon.
             The game lasted 00:10:57 (2391 turns).

Sachiko the Covert (Vampire Assassin)               Turns: 2391, Time: 00:10:57

HP -17/38        AC  4     Str 10      XL: 5   Next: 16%
MP   5/5         EV 12     Int 13      God: Dithmenos [*.....]
Gold 152         SH  0     Dex 16      Spells:  0 memorised,  4 levels left

rFire  . . .     SeeInvis +     a - +2 dagger
rCold  . . .     Clarity  .     c - +1 robe
rNeg   . . .     rCorr    .     (no shield)
rPois  .         rRot     .     (no helmet)
rElec  .         Spirit   .     d - +0 cloak
SustAb +         Warding  .     (no gloves)
rMut   .         Stasis   .     (no boots)
Gourm  .                        (no amulet)
MR     .....                    (no ring)
                                o - ring of sustain abilities

@: regenerating quickly, wreathed by umbra, not resistant to hostile
enchantments, quite stealthy
A: fangs 3, see invisible, unbreathing
a: Renounce Religion


You were on level 4 of the Dungeon.
You worshipped Dithmenos.
Dithmenos was aware of your devotion.
You were full.

You visited 1 branch of the dungeon, and saw 4 of its levels.

You collected 152 gold pieces.

Inventory:

Hand weapons
 a - a +2 dagger (weapon)
 b - a +0 blowgun
Missiles
 e - 37 poisoned needles
 f - 2 curare-tipped needles
Armour
 c - a +1 robe (worn)
 d - a +0 cloak (worn)
Comestibles
 p - a royal jelly
Scrolls
 h - 2 scrolls of immolation
 n - 6 scrolls of enchant armour
 q - a scroll of recharging {unknown}
 r - a scroll of identify
 t - a scroll of remove curse
Jewellery
 i - an uncursed ring of wizardry {unknown}
 k - a cursed ring of loudness {unknown}
 o - a ring of sustain abilities (left hand)
Potions
 g - a potion of coagulated blood
 j - a potion of might
 l - a potion of restore abilities
 m - 2 potions of agility
 s - a potion of cancellation {unknown}


   Skills:
 - Level 1.7 Fighting
 + Level 3.1 Short Blades
 - Level 1.5 Throwing
 - Level 1.1 Dodging
 + Level 9.3 Stealth


You had 4 spell levels left.
You didn't know any spells.

Dungeon Overview and Level Annotations

Branches:
Dungeon (4/15)
 Temple: D:4-7

Altars:
Ashenzari
Dithmenos
Elyvilon
Makhleb
Sif Muna
Zin
The Shining One

Shops:
D:4 %


Innate Abilities, Weirdness & Mutations

Your natural rate of healing is unusually fast.
You have razor-sharp teeth.
You have supernaturally acute eyesight.
You can survive without breathing.


Message History

You hit the hobgoblin. You bite the hobgoblin.
You draw the hobgoblin's blood!
You feel better.
You feel slightly more full.
You kill the hobgoblin!
Dithmenos accepts your kill.
The gnoll zaps a wand.
The bolt of fire hits you!
* * * LOW HITPOINT WARNING * * *
There is an open door here.
Things that are here:
a club; a hobgoblin corpse You hit the gnoll.
The gnoll is lightly wounded.
The gnoll zaps a wand.
The bolt of fire misses you.
Drink which item? (? for menu, Esc to quit)
You feel refreshed.
It was a potion of restore abilities.
The gnoll barely misses you.
You hit the gnoll.
The gnoll is moderately wounded.
The gnoll zaps a wand.
The bolt of fire hits you!
Ouch! That really hurt!
You die...

.#### .##+####'## ......#
#......... . .....
#......... #.. ......
#......... .. ....
####.........
...#'###'####..##........
....'..'.........'....###+
.#.........#....+...
....#'###@###'##+#....#...
#.....g.............#...
..'...................#...
.#...................'...
#...................####
###'###.....######'#.....
......#.....#..#...+.....
.....'.....#..#...#.....
+.
.....#.....+..'...#.....


You could see a gnoll.

Vanquished Creatures
  A worker ant (D:3)
  Natasha (D:4)
  3 adders
  A gnoll (D:4)
  2 worms
  2 giant geckos
  6 bats
  2 giant cockroaches
  6 goblins
  8 hobgoblins
  3 jackals (D:1)
  4 quokkas
  A ball python (D:3)
  3 giant newts
  6 kobolds
  10 rats
59 creatures vanquished.

Notes
Turn   | Place    | Note
--------------------------------------------------------------
     0 | D:1      | Sachiko, the Vampire Assassin, began the quest for the Orb.
     0 | D:1      | Reached XP level 1. HP: 16/16 MP: 1/1
     9 | D:1      | Reached skill level 6 in Stealth
   182 | D:1      | Reached XP level 2. HP: 22/22 MP: 2/2
   573 | D:2      | Found a deep blue altar of Sif Muna.
   573 | D:2      | Found a shadowy altar of Dithmenos.
   579 | D:2      | Became a worshipper of Dithmenos the Shadowed
   665 | D:2      | Reached skill level 7 in Stealth
   698 | D:2      | Found a white marble altar of Elyvilon.
   756 | D:2      | Reached XP level 3. HP: 27/27 MP: 3/3
   835 | D:2      | Found a shattered altar of Ashenzari.
   835 | D:2      | Found a glowing golden altar of the Shining One.
  1262 | D:3      | Found a burning altar of Makhleb.
  1311 | D:3      | Reached skill level 8 in Stealth
  1311 | D:3      | Reached XP level 4. HP: 28/33 MP: 4/4
  1360 | D:3      | Found a glowing silver altar of Zin.
  1893 | D:4      | Found Deits' Food Emporium.
  2127 | D:4      | Noticed Natasha
  2158 | D:4      | Killed Natasha
  2158 | D:4      | Reached skill level 9 in Stealth
  2158 | D:4      | Reached XP level 5. HP: 17/38 MP: 5/5
  2391 | D:4      | Killed from afar by a gnoll

Action                   |  1- 3 |  4- 6 || total
-------------------------+-------+-------++-------
Melee: Dagger            |   122 |    89 ||   211
  Use: Scroll            |     8 |     3 ||    11
       Potion            |       |     4 ||     4
 Stab: Sleeping          |     7 |    12 ||    19
  Eat: Corpse            |    11 |     2 ||    13
